 Dungeon Crawl Stone Soup version 0.27-a0-203-gd48b2df3c9 (webtiles) character file.

Game seed: 15288215954929510805

46 lessens the Ruffian (level 3, 0/26 HPs)
             Began as a Formicid Transmuter on Jan 31, 2021.
             Slain by a gnoll shaman
             ... wielding a cursed -1 whip
              (8 damage)
             ... on level 1 of the Dungeon.
             The game lasted 00:03:23 (2473 turns).

lessens the Ruffian (Formicid Transmuter)           Turns: 2473, Time: 00:03:24

Health: 0/26       AC:  2    Str: 15    XL:     3   Next: 95%
Magic:  5/6        EV: 12    Int: 12    God:
Gold:   91         SH:  0    Dex: 11    Spells: 0/6 levels left

rFire    . . .     SeeInvis +     - Unarmed
rCold    . . .     Faith    .   (no shield)
rNeg     . . .     Spirit   .   a - +0 robe
rPois    .         Reflect  .   (helmet unavailable)
rElec    .         Harm     .   (no cloak)
rCorr    .         Rampage  .   (no gloves)
Will     .....                  (boots currently unavailable)
Stlth    +.........             (no amulet)
HPRegen  0.08/turn              (no ring)
MPRegen  0.10/turn              (no ring)

@: appendages (expiring)
A: permanent stasis, dig shafts and tunnels, four strong arms, antennae 3,
talons 2
a: Dig, Shaft Self, End Transformation


You were on level 1 of the Dungeon.
You had grown temporary talons.
You visited 1 branch of the dungeon, and saw 2 of its levels.

You collected 91 gold pieces.

Inventory:

Missiles
 e - 54 stones
 i - 11 arrows
Armour
 a - a +0 robe (worn)
Jewellery
 d - a +6 ring of dexterity {unknown}
Scrolls
 b - 2 scrolls of remove curse {unknown}
 f - a scroll of identify {unknown}
 g - a scroll of blinking {unknown}
 k - a scroll of magic mapping {unknown}
Potions
 c - 2 potions of flight {unknown}
 h - a potion of heal wounds {unknown}
 j - a potion of attraction {unknown}


   Skills:
 - Level 1.1 Fighting
 - Level 1.7 Dodging
 * Level 4.1 Unarmed Combat
 - Level 2.1 Spellcasting
 + Level 3.0 Transmutations


You couldn't memorise any spells.
You knew the following spells:

 Your Spells              Type           Power        Failure   Level
a - Beastly Appendage     Tmut           16%          8%          1
b - Wereblood             Tmut           8%           12%         2
c - Spider Form           Tmut/Pois      2%           41%         3

Your spell library contained the following spells:

 Spells                   Type           Power        Failure   Level
 Ice Form                 Ice/Tmut       4%           82%         4
 Blade Hands              Tmut           4%           91%         5


Dungeon Overview and Level Annotations

Branches:
Dungeon (2/15)

Altars:
Trog


Innate Abilities, Weirdness & Mutations

You cannot be hasted, slowed, berserked, paralysed or teleported.
You can dig through walls and to a lower floor.
Your four strong arms can wield two-handed weapons with a shield.
You have a pair of large antennae on your head. (SInv)
You have razor-sharp toenails.


Message History

The gnoll shaman hits you with a cursed -1 whip.
You hit the gnoll shaman but do no damage.
You claw the gnoll shaman, but do no damage.
The gnoll shaman misses you.
You hit the gnoll shaman.
The gnoll shaman is lightly wounded.
The gnoll shaman barely misses you.
You hit the gnoll shaman.
You claw the gnoll shaman, but do no damage.
The gnoll shaman is moderately wounded.
The gnoll shaman hits you with a cursed -1 whip.
You hit the gnoll shaman but do no damage.
You claw the gnoll shaman.
The gnoll shaman is heavily wounded.
Your transformation is almost over.
The gnoll shaman hits you with a cursed -1 whip.
You closely miss the gnoll shaman.
The gnoll shaman is heavily wounded.
The gnoll shaman hits you with a cursed -1 whip!
You die...

#..#....###...#.# ###.#≈≈P≈≈≈...
##.####.......#.# #..#♣≈≈≈P≈...
##..#....##.....#####.##♣≈≈≈≈♣...
......##..#....###....# #♣≈P≈P..#
..#.#####......##.....## ♣≈≈≈♣..#
#.#..# ###....#.......###≈≈≈#.##
#.##.# ###..............♣...#
#.##.# #..........###...###
#.##.# #...@.....## #####
#..#.########...g......#
##.#..........##)......#
##.#########.###.......# ##.#
##..# ##......## ...#######...#
##...#..### .#..#.......##
##.##....# ###...####..###
#.##.##.# # #...#.......#
#.##..#.#


You could see a gnoll shaman.

Vanquished Creatures
  An adder (D:2)
  A worm (D:2)
  A leopard gecko (D:1)
  A ball python (D:1)
  2 giant cockroaches (D:2)
  5 goblins
  2 hobgoblins
  9 bats
  3 frilled lizards
  6 kobolds
  5 rats
36 creatures vanquished.

Vanquished Creatures (others)
  A plant (D:1)
1 creature vanquished.

Grand Total: 37 creatures vanquished

Notes
Turn   | Place    | Note
-------+----------+-------------------------------------------
     0 | D:1      | lessens the Formicid Transmuter began the quest for the
                  | Orb.
     0 | D:1      | Reached XP level 1. HP: 15/15 MP: 3/3
   333 | D:1      | Reached XP level 2. HP: 17/21 MP: 3/5
  1216 | D:2      | Learned a level 2 spell: Wereblood
  1320 | D:2      | Reached XP level 3. HP: 26/26 MP: 4/6
  1422 | D:2      | Learned a level 3 spell: Spider Form
  1531 | D:2      | HP: 1/26 [worm (10)]
  1992 | D:2      | Found a bloodstained altar of Trog.
  2133 | D:2      | Found a faded altar of an unknown god.
  2148 | D:2      | Reached skill level 4 in Unarmed Combat
  2473 | D:1      | Slain by a gnoll shaman

Illustrated notes

Levels and vault maps discovered:
D:1:      onia_arrival_pentagram, layout_rooms, serial_bayou,
          serial_bayou_ford_a, serial_bayou_pond_c, serial_bayou_pond_c,
          serial_bayou_crossing, minmay_tiny_reverse_x
D:2:      layout_loops_corners, old_standard_altar,
          chequers_ecumenical_altar_simple_redux

Skill      XL: |  1  2  3 |
---------------+----------+-----
Unarmed Combat | 4 |  4.1
Transmutations | 3 |  3.0
Fighting       | |  1.1
Dodging        | |  1.7
Spellcasting   | |  2.1

Action                   || total
-------------------------++-------
Melee: Unarmed           ||   115
       Kick              ||    16
       Punch             ||     1
 Cast: Beastly Appendage ||    26
Armor: Robe              ||    48
Dodge: Dodged            ||   117

Table legend: (Time is in decaauts)
 A = Elapsed time spent in this place.
 B = Non-inter-level travel time spent in this place.
 C = Inter-level travel time spent in this place.
 D = Time resting spent in this place.
 E = Time spent auto-exploring this place.
 F = Levels seen in this place.
 G = Mean time per level.
                   A        B        C        D        E       F      G
               +--------+--------+--------+--------+--------+-----+--------+
         Total |   2490 |   2472 |     18 |    679 |   1430 |   2 | 1245.0 |
       Dungeon |   2490 |   2472 |     18 |    679 |   1430 |   2 | 1245.0 |
               +--------+--------+--------+--------+--------+-----+--------+

Top non-repeatable levels by time:
     D:2: 1258 daAuts
     D:1: 1232 daAuts
